[Event "Titled Tuesday Blitz August 17 2021"]
[White "Hambleton, Aman"]
[Black "Balabayeva, Xeniya"]
[WhiteFideId "2606577"]
[BlackFideId "13719688"]
[WhiteElo "2552"]
[BlackElo "1988"]
[Result "0-1"]
[Round "01"]
[TimeControl "180+1"]
[Date "2021.08.17"]
[WhiteClock "0:00:01"]
[BlackClock "0:00:04"]

1. d4 d5 2. Bf4 c5 3. e3 Nc6 4. c3 Qb6 5. Qb3 c4 6. Qc2 Bf5 7. Qxf5 Qxb2 8. Qxd5 Qxa1 9. Qb5 O-O-O 10. Bxc4 e5 11. dxe5 Bb4 12. Bd3 Bxc3+ 13. Ke2 Bxe5 14. Bf5+ Kb8 15. Be4 Nge7 16. Nh3 Qxa2+ 17. Kf3 Bxf4 18. Nxf4 g5 19. Nd3 f5 20. Bxc6 Nxc6 21. Nc5 Qd5+ 22. Ke2 b6 23. Na6+ Kb7 24. Qxd5 Rxd5 25. Nc3 Ra5 26. Rd1 Rxa6 27. Rd7+ Kc8 28. Rg7 Rd8 29. Nb5 Ra2+ 30. Kf3 Ne5+ 31. Kg3 Rdd2 32. Nxa7+ Kd8 33. h4 gxh4+ 34. Kf4 Ng6+ 35. Kxf5 Rxf2+ 36. Ke6 Rxa7 37. Rxa7 Rxg2 38. Kd6 Ke8 0-1


[Site "https://www.chess.com"]

[Event "Titled Tuesday Blitz August 17 2021"]
[White "Hamley, Ryan"]
[Black "Abdurakhmonov, Mukhammadali"]
[WhiteFideId "30959497"]
[BlackFideId "14207346"]
[WhiteElo "2409"]
[BlackElo "2266"]
[Result "0-1"]
[Round "01"]
[TimeControl "180+1"]
[Date "2021.08.17"]
[WhiteClock "0:00:02"]
[BlackClock "0:00:16"]

1. e4 c5 2. Nf3 g6 3. d4 cxd4 4. Nxd4 Bg7 5. c4 Nc6 6. Nc2 d6 7. Nc3 Bxc3+ 8. bxc3 Nf6 9. f3 Be6 10. Bh6 Rc8 11. Ne3 Ne5 12. Qa4+ Nc6 13. Nd5 Nd7 14. Rb1 Nc5 15. Qc2 f6 16. h4 Kf7 17. Be2 Qd7 18. O-O b6 19. f4 Bg4 20. f5 Ne5 21. Bf4 Bxe2 22. Qxe2 Ncd3 23. Bxe5 Nxe5 24. Ne3 Qc6 25. Rf4 Nxc4 26. fxg6+ hxg6 27. Nd5 Qc5+ 28. Kh2 Ne5 29. Rbf1 Qc4 30. Qf2 Kg7 31. Kg1 Rce8 32. Rxf6 Qxe4 33. Rf7+ Nxf7 34. Qxf7+ Kh6 35. Rf4 Qe1+ 36. Kh2 Ref8 0-1


[Site "https://www.chess.com"]

[Event "Titled Tuesday Blitz August 17 2021"]
[White "Hansch, Karsten"]
[Black "Kezin, Roman"]
[WhiteFideId "24692239"]
[BlackFideId "24124621"]
[WhiteElo "2358"]
[BlackElo "2570"]
[Result "0-1"]
[Round "01"]
[TimeControl "180+1"]
[Date "2021.08.17"]
[WhiteClock "0:00:04"]
[BlackClock "0:00:34"]

1. e4 c5 2. Nf3 e6 3. g3 Nc6 4. Bg2 Nf6 5. Qe2 e5 6. c3 Be7 7. O-O O-O 8. Rd1 Re8 9. d4 exd4 10. cxd4 d5 11. dxc5 Nxe4 12. Be3 Bxc5 13. Bxc5 Nxc5 14. Qd2 Bg4 15. Nc3 d4 16. Nb5 Qb6 17. Nbxd4 Rad8 18. Qc2 Nb4 19. Qc4 Ncd3 20. a3 Bxf3 21. Nxf3 Qxf2+ 22. Kh1 Re2 23. Nh4 Rde8 24. Rf1 Rc2 25. Qb3 Rxb2 26. Qc4 Nc2 27. Rxf2 Nxf2+ 28. Kg1 Nxa1 29. Qc1 Nd3 30. Qxa1 Re1+ 31. Qxe1 Nxe1 32. Nf5 Nxg2 0-1


[Site "https://www.chess.com"]

[Event "Titled Tuesday Blitz August 17 2021"]
[White "Dronavalli, Harika"]
[Black "Barrionuevo, Pablo"]
[WhiteFideId "5015197"]
[BlackFideId "110566"]
[WhiteElo "2422"]
[BlackElo "2250"]
[Result "1-0"]
[Round "01"]
[TimeControl "180+1"]
[Date "2021.08.17"]
[WhiteClock "0:01:49"]
[BlackClock "0:01:31"]

1. Nf3 d5 2. c4 e6 3. g3 c5 4. Bg2 Nc6 5. O-O Nf6 6. b3 Be7 7. Bb2 O-O 8. e3 d4 9. exd4 cxd4 10. Re1 Ne8 11. d3 f6 12. Ba3 Bxa3 13. Nxa3 e5 14. Nc2 Nc7 15. b4 a6 16. a4 Kh8 17. b5 axb5 18. axb5 Rxa1 19. Qxa1 Nb8 20. Nd2 Ne6 21. Qa3 Nd7 22. Nb3 Qc7 23. Nb4 Ndc5 24. Nd5 Qd6 25. Nxc5 Qxc5 26. Ra1 Bd7 27. Qa7 Qxa7 28. Rxa7 Nc5 29. Nb4 Rb8 30. Kf1 Bf5 31. Ke2 h5 32. Kd2 Kh7 33. Bd5 Kh6 34. f3 g5 35. Be4 Bxe4 36. fxe4 Kg6 37. Nd5 g4 38. b6 Nb3+ 39. Kc2 Nc5 40. Ra5 Ne6 41. c5 Rc8 42. Ne7+ 1-0


[Site "https://www.chess.com"]

[Event "Titled Tuesday Blitz August 17 2021"]
[White "Ibrahimli, Murad"]
[Black "Fernandez, Michael"]
[WhiteFideId "13410229"]
[BlackFideId "5803560"]
[WhiteElo "2109"]
[BlackElo "2110"]
[Result "1-0"]
[Round "01"]
[TimeControl "180+1"]
[Date "2021.08.17"]
[WhiteClock "0:00:19"]
[BlackClock "0:00:22"]

1. Nf3 c5 2. c4 Nc6 3. Nc3 g6 4. e3 Bg7 5. d4 d6 6. d5 Ne5 7. Nd2 Nf6 8. Be2 a6 9. a4 O-O 10. O-O Rb8 11. h3 e6 12. e4 exd5 13. exd5 Bf5 14. g4 Bd3 15. f4 Bxe2 16. Qxe2 Ned7 17. Qd3 Re8 18. Nf3 Qc7 19. Bd2 Re7 20. Rae1 Rbe8 21. Rxe7 Rxe7 22. Re1 Rxe1+ 23. Bxe1 Qd8 24. Qe2 Ne8 25. Ne4 Qe7 26. b3 Nef6 27. Nfd2 Nxe4 28. Qxe4 Kf8 29. Kg2 Nf6 30. Qxe7+ Kxe7 31. Kf3 Kd7 32. Bh4 Ne8 33. Ne4 Nc7 34. f5 Be5 35. a5 Ne8 36. Bg3 Bxg3 37. Kxg3 f6 38. fxg6 hxg6 39. h4 Ke7 40. Kf4 Kf7 41. h5 Kg7 42. Ng3 Nc7 43. Ne4 Ne8 44. g5 gxh5 45. gxf6+ Kg6 46. Kf3 Kf7 47. Kg3 Kg6 48. Kf4 h4 49. Kg4 Nxf6+ 50. Nxf6 Kxf6 51. Kxh4 Ke5 52. Kg5 Kd4 53. Kf6 Kc3 54. Ke6 Kxb3 55. Kxd6 Kxc4 56. Ke6 Kb3 57. d6 c4 58. d7 c3 59. d8=Q c2 60. Qb6+ Ka2 61. Qc7 Kb2 62. Qxb7+ Ka2 63. Qc6 Kb2 64. Qb6+ Ka2 65. Qc5 Kb2 66. Kd6 c1=Q 67. Qxc1+ Kxc1 68. Kc6 1-0


[Site "https://www.chess.com"]

[Event "Titled Tuesday Blitz August 17 2021"]
[White "Indjic, Aleksandar"]
[Black "Zemach, Roee"]
[WhiteFideId "911925"]
[BlackFideId "2818531"]
[WhiteElo "2643"]
[BlackElo "2131"]
[Result "1-0"]
[Round "01"]
[TimeControl "180+1"]
[Date "2021.08.17"]
[WhiteClock "0:00:25"]
[BlackClock "0:00:06"]

1. d4 Nf6 2. c4 e6 3. Nc3 d5 4. Nf3 Be7 5. Bg5 O-O 6. e3 h6 7. Bxf6 Bxf6 8. Qc2 c5 9. dxc5 Qa5 10. O-O-O dxc4 11. Ne4 Qxa2 12. Nxf6+ gxf6 13. Bxc4 Qa1+ 14. Qb1 Qxb1+ 15. Kxb1 Nd7 16. c6 bxc6 17. Rd6 c5 18. Rc1 Nb6 19. Be2 Bb7 20. Rxc5 Rac8 21. Rxc8 Rxc8 22. Bd3 Kf8 23. Rd4 Ke7 24. Be4 Ba6 25. Nd2 Nc4 26. Nxc4 Rxc4 27. Rxc4 Bxc4 28. Kc2 Kd6 29. g3 Kc5 30. Kc3 a5 31. f4 e5 32. Bf3 Be6 33. Bd1 Bd5 34. Bg4 Be4 35. h4 Bd5 36. Bf5 exf4 37. gxf4 Be6 38. Be4 Bd7 39. Bc2 Be6 40. e4 Bd7 41. Kd3 Kb4 42. Kd4 Be6 43. f5 Bb3 44. Bd3 a4 45. e5 fxe5+ 46. Kxe5 Kc5 47. Kf6 Kd4 48. Bb5 Ke4 49. Bd7 Kf4 50. Kg7 Kg4 51. Kxh6 Kxh4 52. f6 Bd5 53. Bxa4 Kg4 54. Kg7 Kf5 55. Be8 Ke5 56. Bxf7 Bc6 57. b4 Kd4 58. Kf8 Kc3 59. Ke7 Kxb4 60. Be6 Be8 61. Kxe8 Kc5 62. f7 Kd6 63. Bd7 Kc7 64. f8=Q Kb6 65. Qb4+ Kc7 66. Qc5+ Kb8 67. Qb6+ Ka8 68. Bc6# 1-0


[Site "https://www.chess.com"]

[Event "Titled Tuesday Blitz August 17 2021"]
[White "Ivanisevic, Ivan"]
[Black "Guliev, Logman"]
[WhiteFideId "912417"]
[BlackFideId "13400061"]
[WhiteElo "2499"]
[BlackElo "2128"]
[Result "1-0"]
[Round "01"]
[TimeControl "180+1"]
[Date "2021.08.17"]
[WhiteClock "0:01:25"]
[BlackClock "0:00:28"]

1. d4 Nf6 2. c4 e6 3. Nc3 Bb4 4. e3 O-O 5. Ne2 d5 6. a3 Be7 7. cxd5 exd5 8. h3 Nbd7 9. g4 c6 10. Bg2 Ne8 11. O-O Nd6 12. Nf4 Nf6 13. f3 Re8 14. e4 dxe4 15. fxe4 Nc4 16. e5 Nd5 17. Ncxd5 cxd5 18. Bxd5 Nb6 19. Bb3 Bg5 20. Bxf7+ Kxf7 21. Qb3+ Ke7 22. Ng6+ Kd7 23. Rf7+ Kc6 24. Qc2+ Kb5 25. a4+ Ka6 26. Qd3+ 1-0


[Site "https://www.chess.com"]

[Event "Titled Tuesday Blitz August 17 2021"]
[White "Ivanov, Oleg"]
[Black "Eynullayev, Altay"]
[WhiteFideId "4103114"]
[BlackFideId "13413562"]
[WhiteElo "2701"]
[BlackElo "2079"]
[Result "1-0"]
[Round "01"]
[TimeControl "180+1"]
[Date "2021.08.17"]
[WhiteClock "0:00:06"]
[BlackClock "0:00:03"]

1. e4 c5 2. Nf3 e6 3. g3 Nc6 4. Bg2 d6 5. d4 cxd4 6. Nxd4 Bd7 7. O-O Nf6 8. c4 a6 9. b3 Be7 10. Bb2 O-O 11. Nc3 Rb8 12. Rc1 Nxd4 13. Qxd4 b5 14. cxb5 axb5 15. e5 dxe5 16. Qxe5 b4 17. Ne4 Rb5 18. Qd4 Rd5 19. Qa7 Nxe4 20. Bxe4 Rd2 21. Be5 Bb5 22. Rfe1 f6 23. Bf4 Rd7 24. Bc7 Qe8 25. Qb6 Rd4 26. Qxe6+ 1-0


[Site "https://www.chess.com"]

[Event "Titled Tuesday Blitz August 17 2021"]
[White "Jaracz, Pawel"]
[Black "Zaksaite, Salomeja"]
[WhiteFideId "1102222"]
[BlackFideId "12801496"]
[WhiteElo "2495"]
[BlackElo "2002"]
[Result "1-0"]
[Round "01"]
[TimeControl "180+1"]
[Date "2021.08.18"]
[WhiteClock "0:00:33"]
[BlackClock "0:00:02"]

1. Nf3 Nf6 2. c4 g6 3. g3 Bg7 4. Bg2 O-O 5. d4 d5 6. O-O dxc4 7. Na3 Nc6 8. Nxc4 Be6 9. b3 Bd5 10. e3 a5 11. a4 Nb4 12. Ba3 c5 13. dxc5 Ne4 14. Nd4 Nxc5 15. Bxb4 axb4 16. Rc1 Bxg2 17. Kxg2 Bxd4 18. exd4 Qd5+ 19. f3 Ne6 20. Nb6 Qxd4 21. Nxa8 Rxa8 22. Rc4 Qe5 23. Re1 Qb2+ 24. Re2 Qf6 25. Rxb4 Rd8 26. Rd2 Rc8 27. Rxb7 h5 28. h4 Rc3 29. a5 g5 30. hxg5 Qxg5 31. Rb4 1-0


[Site "https://www.chess.com"]

[Event "Titled Tuesday Blitz August 17 2021"]
[White "Kamsky, Gata"]
[Black "Zakaryan_David"]
[WhiteFideId "2000024"]
[WhiteElo "2644"]
[BlackElo "2454"]
[Result "1-0"]
[Round "01"]
[TimeControl "180+1"]
[Date "2021.08.17"]
[WhiteClock "0:00:19"]
[BlackClock "0:00:48"]

1. d4 d5 2. Nf3 Nf6 3. Bf4 c5 4. e3 Nc6 5. Nbd2 Qb6 6. dxc5 Qxc5 7. a3 g6 8. c4 dxc4 9. Bxc4 Bg7 10. b4 Qb6 11. Rc1 O-O 12. b5 Na5 13. Bc7 Nxc4 14. Bxb6 Nxb6 15. O-O Bd7 16. a4 Rfd8 17. a5 Nbd5 18. Qb3 Be6 19. Qa3 b6 20. a6 Rd7 21. Nd4 Bf5 22. Nxf5 gxf5 23. Nf3 Ne4 24. Rc2 Ndc3 25. Rfc1 Rad8 26. g3 Nxb5 27. Qb3 Nbd6 28. Kg2 Bf6 29. Nd4 Bxd4 30. exd4 Ne8 31. Rc8 Kg7 32. Rxd8 Rxd8 33. d5 N8f6 34. Rc7 Nc5 35. Qb2 Nxa6 36. Rxe7 Rxd5 37. Rxa7 Nc5 38. Qxb6 Ncd7 39. Qb2 Kg6 40. Ra6 Kg7 41. h4 h6 42. Qa1 Kg6 43. Ra5 Rxa5 44. Qxa5 Ng4 45. Qa7 Ngf6 46. Qc7 Nf8 47. Qd6 Ne6 48. Qd3 Ne4 49. f3 N4c5 50. Qc2 Kf6 51. Qc3+ Kg6 52. Qh8 Nd7 53. Qg8+ Kf6 54. Qh7 f4 55. Qxh6+ Ke5 56. g4 Nb6 57. Qh8+ f6 58. Qb8+ Kd5 59. Qxb6 Nd4 60. Qxf6 Nc2 61. Qxf4 Nd4 62. Qe4+ Kd6 63. Qxd4+ Ke6 64. f4 Kf7 65. f5 Kg8 66. g5 Kh7 67. h5 Kg8 68. g6 Kf8 69. h6 Ke7 70. h7 Ke8 71. h8=N Ke7 72. g7 Ke8 73. Kg3 Ke7 74. f6+ Ke8 75. f7+ Ke7 76. g8=N+ Ke6 77. f8=N+ Kf5 78. Ne7+ Kg5 79. Nf7+ Kh5 80. Kf4 Kh4 81. Ne6 Kh3 82. Ng7 Kh4 83. Ng6+ Kh3 84. Ng5+ Kg2 85. Qd2+ Kh1 86. Nh5 Kg1 87. Nh4 Kf1 88. Ng3+ Kg1 89. Ngf3# 1-0


[Site "https://www.chess.com"]

[Event "Titled Tuesday Blitz August 17 2021"]
[White "Karas, Marek"]
[Black "Bologan, Victor"]
[WhiteFideId "14928558"]
[BlackFideId "13900048"]
[WhiteElo "2264"]
[BlackElo "2511"]
[Result "0-1"]
[Round "01"]
[TimeControl "180+1"]
[Date "2021.08.17"]
[WhiteClock "0:00:06"]
[BlackClock "0:00:14"]

1. d4 d5 2. Nf3 c6 3. Bf4 Bf5 4. e3 e6 5. c4 Bxb1 6. Rxb1 Bb4+ 7. Ke2 Nf6 8. Qb3 a5 9. a3 dxc4 10. Qxc4 Be7 11. g3 O-O 12. Bg2 Nbd7 13. Rhd1 Nd5 14. h4 Nxf4+ 15. exf4 Nb6 16. Qb3 a4 17. Qd3 Nd5 18. Ne5 Nf6 19. Rbc1 Qa5 20. Qc3 Qa7 21. Qc4 Rad8 22. Kf1 Rd6 23. Bf3 Rfd8 24. Bxc6 Rxd4 25. Rxd4 Rxd4 26. Qc2 bxc6 27. Nxc6 Qa6+ 28. Kg1 Rd7 29. Nb8 Qb7 30. Nxd7 Nxd7 31. Qc8+ Qxc8 32. Rxc8+ Bf8 33. Ra8 Nc5 34. Kg2 f5 35. Ra7 Bd6 36. Kf3 Kf8 37. h5 h6 38. Kg2 Be7 39. Kf3 Bf6 40. Ra5 Bd4 41. Rb5 Ke7 42. Rb4 e5 43. fxe5 Bxe5 44. Ke2 Kd6 45. Rb6+ Kd5 46. Ke3 Bd4+ 47. Ke2 Ne4 48. Rb4 Nc5 49. Rb8 Bf6 50. Rb4 Kc6 51. Kf3 Be5 52. Ke2 Kd5 53. Ke3 Bd6 54. Kf3 Be5 55. Ke3 Bf6 56. Kf3 Bg5 57. g4 fxg4+ 58. Kxg4 Bf6 59. Kf5 Bd4 60. Kg6 Ke4 61. f3+ Ke3 62. f4 Ke4 63. f5 Kd5 64. Rxd4+ Kxd4 65. Kxg7 Ke5 66. f6 Ne6+ 67. Kg6 Nf4+ 68. Kg7 Nxh5+ 69. Kxh6 Nxf6 70. Kg5 Nd5 71. Kg4 Ke4 0-1


[Site "https://www.chess.com"]

[Event "Titled Tuesday Blitz August 17 2021"]
[White "Karthik Venkataraman"]
[Black "Omariev, Maksim"]
[WhiteFideId "25006479"]
[BlackFideId "4193423"]
[WhiteElo "2362"]
[BlackElo "2421"]
[Result "1-0"]
[Round "01"]
[TimeControl "180+1"]
[Date "2021.08.17"]
[WhiteClock "0:02:07"]
[BlackClock "0:01:34"]

1. e4 c5 2. Nf3 d6 3. d4 cxd4 4. Qxd4 a6 5. Be2 Nc6 6. Qe3 g6 7. O-O Bg7 8. h3 Nf6 9. Rd1 Nd7 10. Nc3 O-O 11. a3 b5 12. Rb1 Bb7 13. Nd5 Rc8 14. c3 Nc5 15. Qf4 Na5 16. Qh4 e6 17. Ne7+ Kh8 18. Nxc8 Qxc8 19. b4 Bxe4 20. Ng5 1-0


[Site "https://www.chess.com"]

[Event "Titled Tuesday Blitz August 17 2021"]
[White "Karttunen, Mika"]
[Black "Krishnakumar, Sriram"]
[WhiteFideId "502081"]
[BlackFideId "30915856"]
[WhiteElo "2343"]
[BlackElo "2338"]
[Result "1-0"]
[Round "01"]
[TimeControl "180+1"]
[Date "2021.08.18"]
[WhiteClock "0:00:27"]
[BlackClock "0:01:17"]

1. d4 d5 2. c4 c6 3. Nc3 Nf6 4. Bf4 e6 5. e3 Bd6 6. Bxd6 Qxd6 7. Nf3 O-O 8. Ne5 Nbd7 9. f4 Ne4 10. Nxe4 dxe4 11. c5 Qc7 12. Nc4 Nf6 13. Be2 Nd5 14. Qd2 b6 15. Nd6 f5 16. O-O Bd7 17. Rfc1 b5 18. Kh1 Be8 19. Rg1 a5 20. g4 Bg6 21. Rg3 Nf6 22. Rag1 Rad8 23. gxf5 exf5 24. h4 a4 25. h5 Nxh5 26. Bxh5 Bxh5 27. Rxg7+ Qxg7 28. Rxg7+ Kxg7 29. Qg2+ Bg6 30. Qg5 Rd7 31. Kg1 Rg8 32. Kf2 h6 33. Nxf5+ Kf8 34. Nxh6 Rgg7 35. Qf6+ Ke8 36. Qxc6 Bh5 37. Nf5 Rh7 38. Qc8+ Rd8 39. Qe6+ Kf8 40. Qf6+ Ke8 41. c6 Bf3 42. Ng7+ Rxg7 43. Qxg7 Rc8 44. d5 Rd8 45. c7 Rc8 46. d6 Bg4 47. Qe7# 1-0


[Site "https://www.chess.com"]

[Event "Titled Tuesday Blitz August 17 2021"]
[White "Kazakov, Mikhail"]
[Black "Seo, Jung Min"]
[WhiteFideId "14102749"]
[BlackFideId "1734687"]
[WhiteElo "2373"]
[BlackElo "2486"]
[Result "0-1"]
[Round "01"]
[TimeControl "180+1"]
[Date "2021.08.17"]
[WhiteClock "0:00:43"]
[BlackClock "0:00:58"]

1. d4 Nf6 2. c4 e6 3. Nc3 c5 4. Bd2 cxd4 5. Nb1 Nc6 6. Nf3 Bc5 7. g3 O-O 8. Bg2 d5 9. cxd5 Qxd5 10. O-O e5 11. e3 Bg4 12. h3 Bxf3 13. Bxf3 e4 14. Bg2 Qe5 15. exd4 Bxd4 16. Nc3 e3 17. fxe3 Bxe3+ 18. Bxe3 Qxe3+ 19. Kh2 Rad8 20. Qe1 Qxe1 21. Raxe1 Rd2 22. Re2 Rfd8 23. Rff2 Rxe2 24. Rxe2 Kf8 25. Na4 Nd4 26. Rf2 b6 27. Nc3 h5 28. Ne4 Nxe4 29. Bxe4 Ke7 30. Kg2 g6 31. Rd2 f5 32. Bb1 Kf6 33. Kf2 Ke5 34. Ke3 g5 35. a3 Rd6 36. Ba2 f4+ 37. gxf4+ gxf4+ 38. Kf2 Rg6 39. Rd1 Rg3 40. Re1+ Kf6 41. Re4 Rd3 42. Rxf4+ Ke5 43. Rh4 Rd2+ 44. Kg3 Nf5+ 0-1


[Site "https://www.chess.com"]

[Event "Titled Tuesday Blitz August 17 2021"]
[White "Khodzhamkuliev, Bahadur"]
[Black "Kukhmazov, Arsen"]
[WhiteFideId "24135046"]
[BlackFideId "24108260"]
[WhiteElo "2130"]
[BlackElo "2453"]
[Result "0-1"]
[Round "01"]
[TimeControl "180+1"]
[Date "2021.08.17"]
[WhiteClock "0:00:15"]
[BlackClock "0:00:06"]

1. Nf3 d5 2. d4 Nf6 3. c4 c6 4. cxd5 cxd5 5. Nc3 Nc6 6. Bf4 e6 7. e3 Nh5 8. Bg3 Nxg3 9. hxg3 Bd6 10. Bd3 g6 11. Rc1 Bd7 12. Qe2 Qe7 13. g4 Rc8 14. g3 a6 15. Kf1 Kf8 16. Kg2 Kg7 17. g5 f6 18. gxf6+ Qxf6 19. Nd2 Ne7 20. f4 Nf5 21. Bxf5 exf5 22. Nf3 Bc6 23. Qd2 h5 24. Ne2 Rce8 25. Ne5 Bb5 26. b3 h4 27. a4 Bxe2 28. Qxe2 hxg3 29. Kxg3 Qd8 30. Rcg1 Bxe5 31. dxe5 d4 32. exd4 Qxd4 33. Rd1 Qc3+ 34. Rd3 Qc6 35. Rxh8 Rxh8 36. Qg2 Qb6 37. Kf3 Rh5 38. Rd7+ Kh6 39. Rd3 Qc6+ 40. Kg3 Qc1 41. Kf2 Qc2+ 42. Ke3 Qxg2 43. Kd4 Qe4+ 44. Kc3 Qxf4 0-1


[Site "https://www.chess.com"]

[Event "Titled Tuesday Blitz August 17 2021"]
[White "Kim, Yoon-Young"]
[Black "Terletsky, Oleg"]
[WhiteFideId "30908779"]
[BlackFideId "14116774"]
[WhiteElo "2109"]
[BlackElo "2073"]
[Result "1-0"]
[Round "01"]
[TimeControl "180+1"]
[Date "2021.08.18"]
[WhiteClock "0:00:22"]
[BlackClock "0:00:04"]

1. d4 Nf6 2. c4 g6 3. Nc3 Bg7 4. Nf3 O-O 5. Bg5 c5 6. d5 h6 7. Bh4 d6 8. e3 e6 9. Bd3 exd5 10. cxd5 Na6 11. O-O Rb8 12. Bc4 Nc7 13. a4 Na6 14. h3 Nb4 15. Nd2 a6 16. a5 Re8 17. Re1 g5 18. Bg3 b5 19. axb6 Rxb6 20. Bf1 Rb8 21. Nc4 Bf8 22. e4 Qc7 23. e5 dxe5 24. Bxe5 Rxe5 25. Rxe5 Bd6 26. Nxd6 Qxd6 27. Re3 Bf5 28. Rc1 Rc8 29. Qf3 Bg6 30. Qg3 Qxg3 31. Rxg3 c4 32. Na4 Nfxd5 33. Rxc4 Rxc4 34. Bxc4 Nf4 35. Rb3 a5 36. Re3 Bf5 37. Re5 Be6 38. Bxe6 Nxe6 39. Rxa5 Nd3 40. Ra8+ Kg7 41. Rc8 Nef4 42. Kf1 Nb4 43. Rc4 Nfd5 44. Nc3 Nxc3 45. Rxc3 Nd5 46. Rc1 Kf6 47. Rb1 Ke6 48. b4 Kd6 49. Ke2 Kc6 50. Kd3 Kb5 51. Kd4 Nxb4 52. Ke5 Kc4 53. Kf6 Nd3 54. Rf1 Kd4 55. Kxf7 Ke4 56. Kg6 Nf4+ 57. Kxh6 Nxg2 58. Kxg5 Kf3 59. h4 Ke2 60. Ra1 Kxf2 61. Ra2+ Kf3 62. Rxg2 Kxg2 63. h5 1-0


[Site "https://www.chess.com"]

[Event "Titled Tuesday Blitz August 17 2021"]
[White "Klimciauskas, Domantas"]
[Black "Amburgy, Ryan"]
[WhiteFideId "12802999"]
[BlackFideId "30924820"]
[WhiteElo "2253"]
[BlackElo "2066"]
[Result "1/2-1/2"]
[Round "01"]
[TimeControl "180+1"]
[Date "2021.08.18"]
[WhiteClock "0:00:03"]
[BlackClock "0:00:29"]

1. c4 e5 2. Nc3 Nf6 3. g3 d5 4. cxd5 Nxd5 5. Bg2 Nb6 6. Nf3 Nc6 7. O-O Be7 8. d3 O-O 9. a3 Be6 10. b4 f6 11. Be3 Nd5 12. Nxd5 Bxd5 13. Qc2 a5 14. b5 Na7 15. a4 Nc8 16. Rfc1 c6 17. bxc6 bxc6 18. Bc5 Nd6 19. Rab1 Qd7 20. Rb2 Rab8 21. Rcb1 Rxb2 22. Rxb2 Rd8 23. Qc3 Nb7 24. Bb6 Bb4 25. Qc2 Re8 26. Nd2 Nd6 27. Bc5 Rb8 28. Bxb4 axb4 29. Bxd5+ cxd5 30. Qc5 Nf5 31. Rxb4 Rxb4 32. Qxb4 Nd4 33. e3 Nc6 34. Qb3 Kf7 35. e4 Ke6 36. exd5+ Qxd5 37. Kf1 Qxb3 38. Nxb3 Kd5 39. Ke2 Nb4 40. Ke3 f5 41. f3 g5 42. h3 h6 43. Na5 Nc2+ 44. Kd2 Nd4 45. Ke3 f4+ 46. gxf4 gxf4+ 47. Kf2 Kc5 48. Nc4 Nc6 49. Kg2 Kd4 50. h4 Kxd3 51. Nd6 Ke3 52. Nf5+ Ke2 53. Nxh6 Nd4 54. Nf5 Nxf5 55. a5 Ne3+ 56. Kh3 Kxf3 57. a6 Nd5 58. a7 Nc7 59. h5 e4 60. h6 e3 61. h7 e2 62. h8=Q e1=Q 63. Qh5+ Kf2 64. Qh4+ Kf1 65. Qxf4+ Ke2 66. Qxc7 Qh1+ 67. Kg4 Qg2+ 68. Kf5 Qh3+ 69. Kf6 Qh6+ 70. Ke7 Qg7+ 71. Kd6 Qg3+ 72. Kc6 Qc3+ 73. Kd7 Qg7+ 74. Kc8 Qf8+ 75. Kb7 Qb4+ 76. Qb6 Qe7+ 77. Ka6 Qa3+ 78. Qa5 Qd6+ 79. Qb6 Qa3+ 80. Kb5 Qb3+ 81. Kc6 Qe6+ 82. Kb7 Qd7+ 83. Qc7 Qb5+ 84. Kc8 Qe8+ 85. Kb7 Qb5+ 86. Qb6 Qd7+ 87. Ka6 Qa4+ 88. Kb7 Qd7+ 1/2-1/2


[Site "https://www.chess.com"]

[Event "Titled Tuesday Blitz August 17 2021"]
[White "Koridze, Lile"]
[Black "Nitin, S."]
[WhiteFideId "13612514"]
[BlackFideId "5018277"]
[WhiteElo "1978"]
[BlackElo "2431"]
[Result "0-1"]
[Round "01"]
[TimeControl "180+1"]
[Date "2021.08.18"]
[WhiteClock "0:00:03"]
[BlackClock "0:00:10"]

1. d4 Nf6 2. c4 g6 3. Nc3 Bg7 4. e4 d6 5. Nf3 O-O 6. Be2 Nbd7 7. O-O e5 8. Be3 Ng4 9. Bg5 f6 10. Bc1 h5 11. Rb1 Nh6 12. b4 g5 13. dxe5 dxe5 14. Qb3 Nf7 15. c5 c6 16. Bc4 Qe7 17. h3 b5 18. cxb6 Nxb6 19. Be3 Nxc4 20. Qxc4 Be6 21. Qe2 Rfd8 22. Na4 g4 23. Nh4 gxh3 24. Qxh5 hxg2 25. Kxg2 Ng5 26. Bxg5 fxg5 27. Ng6 Qf7 28. Rh1 Bf6 29. Nc5 Bxa2 30. Rbd1 Bc4 31. Rc1 Rd4 32. Rxc4 Rxc4 33. Ne6 Qd7 34. Nef8 Rxf8 35. Nxf8 Kxf8 36. Qg6 Bg7 37. Qxg5 Rxe4 38. Rh4 Rxh4 39. Qxh4 Qd5+ 40. f3 Qd2+ 41. Kh3 Qd7+ 0-1


[Site "https://www.chess.com"]

[Event "Titled Tuesday Blitz August 17 2021"]
[White "Kovacsy, Barnabas"]
[Black "Maximov, Dmitry"]
[WhiteFideId "769290"]
[BlackFideId "14105659"]
[WhiteElo "1938"]
[BlackElo "2494"]
[Result "0-1"]
[Round "01"]
[TimeControl "180+1"]
[Date "2021.08.17"]
[WhiteClock "0:00:22"]
[BlackClock "0:00:43"]

1. e4 c5 2. Nf3 d6 3. d4 cxd4 4. Nxd4 Nf6 5. f3 e6 6. c4 Be7 7. Nc3 O-O 8. Be3 Nc6 9. Qd2 d5 10. Nxc6 bxc6 11. cxd5 cxd5 12. exd5 Nxd5 13. Nxd5 exd5 14. Bd3 Rb8 15. O-O Bf6 16. Rab1 a5 17. Rfd1 Re8 18. Bf4 Rb4 19. Kh1 Qb6 20. Re1 Be6 21. b3 h6 22. Be5 Bxe5 23. Rxe5 Rc8 24. Rbe1 a4 25. bxa4 Rxa4 26. Bf5 Bxf5 27. Rxf5 d4 28. Rfe5 Qg6 29. R5e4 Rd8 30. Qc2 Raa8 31. a4 Kh7 32. Rd1 Rac8 33. Qd2 d3 34. a5 Rc2 35. Qe3 Qxg2# 0-1


[Site "https://www.chess.com"]

[Event "Titled Tuesday Blitz August 17 2021"]
[White "Kovalev, Vladislav"]
[Black "Krasilnikov, Evgeni"]
[WhiteFideId "13504398"]
[BlackFideId "4139739"]
[WhiteElo "2573"]
[BlackElo "2295"]
[Result "1-0"]
[Round "01"]
[TimeControl "180+1"]
[Date "2021.08.17"]
[WhiteClock "0:00:09"]
[BlackClock "0:00:01"]

1. e4 c6 2. d3 d5 3. Nf3 Qc7 4. Nc3 Nf6 5. e5 Nfd7 6. Bf4 e6 7. g3 a6 8. h4 c5 9. Bh3 Qb6 10. Rb1 Nc6 11. O-O Be7 12. h5 h6 13. Qe2 Nd4 14. Nxd4 cxd4 15. Nd1 Nc5 16. Bd2 Bd7 17. b3 Qc7 18. f4 Rc8 19. Be1 b5 20. Bf2 Nb7 21. Bxd4 Qxc2 22. Qxc2 Rxc2 23. Rf2 Rxf2 24. Kxf2 Bc5 25. Bxc5 Nxc5 26. Ke3 Ke7 27. Rc1 Rc8 28. d4 Nb7 29. Rxc8 Bxc8 30. b4 Nd8 31. Nf2 Nc6 32. Nd3 Bb7 33. a3 Bc8 34. g4 Kd8 35. Bf1 Ke7 36. Nc5 Kd8 37. Bd3 Ke7 38. Be2 Kd8 39. Kd3 Ke7 40. Kc3 Kd8 41. a4 Na7 42. a5 Nc6 43. Bd3 Ke7 44. f5 Nd8 45. Kd2 Nc6 46. Kc3 Nd8 47. Bc2 Nc6 48. Nd3 Nd8 49. Nf4 Nc6 50. fxe6 fxe6 51. Nd3 Nd8 52. Kd2 Nc6 53. Ke3 Nd8 54. Bd1 Nc6 55. Be2 Nd8 56. Kd2 Nc6 57. Kc3 Kf7 58. Nc5 Ke7 59. Bd3 Kf7 60. Bg6+ Ke7 61. Nb3 Nd8 62. Bh7 Nc6 63. Nd2 Kf8 64. Nf3 Ke7 65. Nh4 Kf8 66. Ng6+ Kf7 67. Nf4 Kf8 68. Bg6 Ke7 69. Bd3 Kf8 70. Be2 Ke7 71. Nh3 Kf8 72. g5 hxg5 73. Nxg5 Ke7 74. Bg4 Bd7 75. Nh3 Bc8 76. Bd1 Bd7 77. Be2 Bc8 78. Bg4 Bd7 79. Nf4 Ke8 80. Bh3 Ke7 81. Bg4 Nd8 82. Ng6+ Ke8 83. Bf3 Nc6 84. Be2 Nd8 85. Nf4 Nc6 86. Bd3 Nd8 87. Bf1 Nc6 88. Bh3 Nd8 89. Bg4 Ke7 90. Nd3 Ke8 91. Nc5 Bc8 92. Kd3 Ke7 93. Ke3 Nc6 94. Nd3 Nd8 95. Nf4 Nc6 96. Nxd5+ exd5 97. Bxc8 Nxb4 98. Bb7 Kd7 99. Kf4 Ke6 100. Kg5 Nc2 101. Bc8+ Ke7 102. Bxa6 Nxd4 103. Bb7 Kd7 104. a6 Ne6+ 105. Kg6 d4 106. a7 Nc7 107. Kxg7 d3 108. Bf3 d2 109. Bd1 Ke6 110. h6 Kxe5 111. h7 b4 112. h8=Q Kd4 113. Kf7+ Kc4 114. Qe5 Na8 115. Qb8 Kc3 116. Qxa8 Kb2 117. Qe4 Kc1 118. Qc2# 1-0


[Site "https://www.chess.com"]